 Dungeon Crawl Stone Soup version 0.23.2-1-ga50397a (webtiles) character file.

Game seed: 5414780713392521026

46 Iscandelvey the Vexing (level 3, 12/26 HPs)
             Began as a Demonspawn Arcane Marksman on Apr 17, 2019.
             Quit the game on level 4 of the Dungeon.
             The game lasted 00:00:40 (1295 turns).

Iscandelvey the Vexing (Demonspawn Arcane Marksman) Turns: 1295, Time: 00:00:41

Health: 12/26      AC:  2    Str: 10    XL:     3   Next: 44%
Magic:  4/4        EV: 12    Int: 15    God:
Gold:   118        SH:  0    Dex: 13    Spells: 3/4 levels left

rFire    . . .     SeeInvis .   a - +0 hand crossbow
rCold    . . .     Gourm    .   (no shield)
rNeg     . . .     Faith    .   e - +0 robe
rPois    .         Spirit   .   (no helmet)
rElec    .         Reflect  .   (no cloak)
rCorr    .         Harm     .   (no gloves)
MR       .....                  (no boots)
Stlth    +.........             (no amulet)
HPRegen  0.08/turn              (no ring)
MPRegen  0.09/turn              (no ring)

@: no status effects
A: powered by pain 1, spiny 1
a: no special abilities


You were on level 4 of the Dungeon.
You were very hungry.

You visited 1 branch of the dungeon, and saw 3 of its levels.

You collected 118 gold pieces.

Inventory:

Hand Weapons
 a - a +0 hand crossbow (weapon)
Missiles
 d - 3 bolts (quivered)
Armour
 e - a +0 robe (worn)
Jewellery
 j - a cursed ring of teleportation {unknown}
Scrolls
 b - 2 scrolls of immolation {unknown}
 g - a scroll of enchant weapon {unknown}
 i - a scroll of fear {unknown}
 l - a scroll of identify {unknown}
 m - 2 scrolls of remove curse {unknown}
 n - a scroll of teleportation {unknown}
Potions
 c - 2 potions of flight {unknown}
 h - a potion of mutation {unknown}
 k - a potion of haste {unknown}
 o - a potion of heal wounds {unknown}
 p - a potion of lignification {unknown}
Comestibles
 f - 2 rations


   Skills:
 + Level 1.1 Fighting
 + Level 3.0 Crossbows
 + Level 1.8 Dodging
 + Level 0.1 Stealth
 + Level 1.0 Spellcasting
 + Level 3.4 Hexes


You had 3 spell levels left.
You knew the following spells:

 Your Spells              Type           Power        Failure   Level  Hunger
a - Corona                Hex            ##.....      6%          1    ##.....

Your spell library contained the following spells:

 Spells                   Type           Power        Failure   Level  Hunger
 Slow                     Hex            ##......     9%          2    ###....
 Inner Flame              Hex/Fire       #.......     36%         3    ####...
 Portal Projectile        Hex/Tloc       #.....       36%         3    ####...
 Cause Fear               Hex            ##........   52%         4    #####..
 Leda's Liquefaction      Hex/Erth       #.........   77%         4    #####..


Dungeon Overview and Level Annotations

Branches:
Dungeon (2/15)

Altars:


Innate Abilities, Weirdness & Mutations

You sometimes gain a little power by taking damage.
You are partially covered in sharp spines.


Message History

Firing (i - inventory)
d - 5 bolts (quivered)
Press: ? - help, Shift-Dir - straight line, f/p - worker ant
Aim: a worker ant (almost dead)
You shoot a bolt.
The bolt hits the worker ant but does no damage.
The worker ant is almost dead.
You are feeling very hungry.
The worker ant closely misses you. The worker ant bites you.
Firing (i - inventory)
d - 4 bolts (quivered)
Press: ? - help, Shift-Dir - straight line, f/p - worker ant
Aim: a worker ant (almost dead)
You shoot a bolt. The bolt hits the worker ant.
You kill the worker ant!
Your Crossbows skill increases to level 3!
You have reached level 3!
Your experience leads to an increase in your attributes!
Increase (S)trength, (I)ntelligence, or (D)exterity?
You feel clever.
Your demonic ancestry asserts itself...
Sharp spines emerge from parts of your body.
Are you sure you want to abandon this character and quit the game? (Confirm with "yes".)

#...# #...#
#...#
#####...#####
###.(.........#
...=...........
#..((.......#
#@..# #...#
#...# #...#
##.## .. ###


There were no monsters in sight!

Vanquished Creatures
  A worker ant (D:4)
  A worm (D:2)
  A dart slug (D:1)
  4 goblins
  A hobgoblin (D:1)
  4 bats
  4 frilled lizards
  A kobold (D:1)
  2 rats (D:1)
19 creatures vanquished.

Notes
Turn   | Place    | Note
-------+----------+-------------------------------------------
     0 | D:1      | Iscandelvey the Demonspawn Arcane Marksman began the quest
                  | for the Orb.
     0 | D:1      | Reached XP level 1. HP: 15/15 MP: 2/2
   266 | D:1      | Gained mutation: You sometimes gain a little power by
                  | taking damage. [demonic ancestry]
   266 | D:1      | Reached XP level 2. HP: 21/21 MP: 3/3
  1284 | D:2      | You fall through a shaft for 2 floors!
  1294 | D:4      | Gained mutation: You are partially covered in sharp spines.
                  | [demonic ancestry]
  1294 | D:4      | Reached XP level 3. HP: 11/26 MP: 4/4
  1295 | D:4      | Quit the game

Skill      XL: |  1  2 |
---------------+-------+-----
Crossbows      | 2 3 |  3.0
Fighting       | |  1.1
Dodging        | |  1.8
Stealth        | |  0.1
Spellcasting   | |  1.0
Hexes          | |  3.4

Action                   || total
-------------------------++-------
 Fire: Hand crossbow     ||    50
Armor: Robe              ||     5
Dodge: Dodged            ||    14
